[ AOE2 MATCH · #506215339 ]
UnrankedItalians vs Armenians
Player's team · LOSS
Rival team · WIN
[ REPLAY ANALYSIS · EXTRACTED FROM THE RECORDED GAME ]
Feudal
10:43
Castle
26:05
Imperial
—
| APM avg | 79.1 |
| APM peak | 135 |
| eAPM avg | 26.3 |
| Villagers / military | 53 / 42 |
Focus
⚔️ 33.1% · 🌾 66.9%
Archer ×24 · Scout Cavalry ×10 · Militia ×4 · Skirmisher ×4
Feudal
9:22
Castle
22:16
Imperial
—
| APM avg | 82.3 |
| APM peak | 145 |
| eAPM avg | 33.5 |
| Villagers / military | 56 / 35 |
Focus
⚔️ 39.1% · 🌾 60.9%
Militia ×30 · Mangonel ×2 · Monk ×1 · Spearman ×1 · Unknown (1105) ×1 · Warrior Priest ×1
Match map
Initial resources + every placement click. Lines = walls · curves = elevation contours. ◆ gold · ⬟ stone · ● berries · ✦ relic · ◌ wall gap
Your base· Open — 4t gap
CO[M]BO's base· ✓ Closed at 22:16 · 50t walls · 1 gate(s)
Smoothed initial terrain · ◌ = detected wall gap · hover for details
Inputs per minute
— uel - - CO[M]BO
Build order — uel
First 150 of 170 actions detected
| 0:01 | Create | Villager (Male) |
| 0:01 | Create | Villager (Male) |
| 0:01 | Create | Villager (Male) |
| 0:02 | Build | House |
| 0:04 | Build | House |
| 0:16 | Create | Villager (Male) |
| 1:28 | Create | Villager (Male) |
| 1:28 | Create | Villager (Male) |
| 1:46 | Create | Villager (Male) |
| 1:47 | Create | Villager (Male) |
| 1:56 | Build | Lumber Camp |
| 2:08 | Create | Villager (Male) |
| 2:41 | Create | Villager (Male) |
| 2:41 | Create | Villager (Male) |
| 3:05 | Create | Villager (Male) |
| 3:06 | Create | Villager (Male) |
| 3:31 | Create | Villager (Male) |
| 3:33 | Build | House |
| 3:53 | Create | Villager (Male) |
| 4:13 | Create | Villager (Male) |
| 4:15 | Build | House |
| 4:52 | Create | Villager (Male) |
| 4:52 | Create | Villager (Male) |
| 4:59 | Build | Barracks |
| 5:06 | Create | Villager (Male) |
| 5:35 | Create | Villager (Male) |
| 5:51 | Create | Militia |
| 5:51 | Create | Militia |
| 5:51 | Create | Militia |
| 5:54 | Build | House |
| 6:13 | Create | Villager (Male) |
| 6:13 | Create | Militia |
| 6:23 | Create | Villager (Male) |
| 6:51 | Create | Villager (Male) |
| 6:53 | Create | Villager (Male) |
| 6:55 | Build | Mill |
| 7:13 | Create | Villager (Male) |
| 7:26 | Research | Loom |
| 8:10 | Build | Palisade Wall |
| 8:15 | Build | Palisade Wall |
| 8:16 | Build | Palisade Wall |
| 8:33 | Research | Feudal Age |
| 8:43 | Build | Palisade Wall |
| 8:45 | Build | Palisade Wall |
| 8:56 | Build | Farm |
| 8:58 | Create | Villager (Male) |
| 9:00 | Build | Farm |
| 9:23 | Build | Farm |
| 9:33 | Create | Villager (Male) |
| 9:52 | Build | Farm |
| 10:26 | Create | Villager (Male) |
| 10:29 | Build | Farm |
| 10:43 | Age | Feudal Age |
| 10:54 | Build | Stable |
| 10:58 | Research | Double-Bit Axe |
| 10:59 | Research | Double-Bit Axe |
| 11:02 | Create | Villager (Male) |
| 11:16 | Build | House |
| 11:25 | Research | Horse Collar |
| 11:37 | Build | House |
| 11:41 | Create | Scout Cavalry |
| 11:57 | Create | Villager (Male) |
| 12:13 | Create | Villager (Male) |
| 12:15 | Build | Farm |
| 12:16 | Build | Farm |
| 12:21 | Build | Farm |
| 12:26 | Create | Scout Cavalry |
| 12:34 | Build | House |
| 12:37 | Build | House |
| 12:48 | Build | Palisade Wall |
| 12:53 | Create | Scout Cavalry |
| 13:19 | Build | Farm |
| 13:20 | Create | Villager (Male) |
| 13:27 | Build | Archery Range |
| 13:37 | Create | Villager (Male) |
| 13:47 | Create | Scout Cavalry |
| 14:08 | Create | Villager (Male) |
| 14:34 | Create | Villager (Male) |
| 14:37 | Create | Skirmisher |
| 14:41 | Build | Mining Camp |
| 14:42 | Create | Villager (Male) |
| 14:50 | Build | Lumber Camp |
| 15:02 | Build | House |
| 15:07 | Create | Skirmisher |
| 15:07 | Create | Skirmisher |
| 15:11 | Create | Scout Cavalry |
| 15:15 | Create | Villager (Male) |
| 15:22 | Build | House |
| 15:24 | Build | Palisade Wall |
| 15:30 | Build | House |
| 15:33 | Build | Palisade Wall |
| 15:39 | Create | Skirmisher |
| 15:55 | Create | Villager (Male) |
| 15:56 | Create | Villager (Male) |
| 16:15 | Build | House |
| 16:17 | Create | Villager (Male) |
| 16:25 | Create | Villager (Male) |
| 16:37 | Create | Scout Cavalry |
| 16:49 | Create | Archer |
| 16:57 | Build | Farm |
| 17:05 | Create | Villager (Male) |
| 17:21 | Create | Archer |
| 17:28 | Create | Villager (Male) |
| 17:31 | Build | Farm |
| 17:31 | Build | Farm |
| 17:32 | Build | Farm |
| 17:32 | Build | Farm |
| 17:41 | Build | House |
| 17:44 | Build | Palisade Wall |
| 17:50 | Create | Archer |
| 18:02 | Create | Villager (Male) |
| 18:09 | Create | Scout Cavalry |
| 18:19 | Create | Villager (Male) |
| 18:39 | Build | Farm |
| 18:47 | Create | Scout Cavalry |
| 18:48 | Create | Archer |
| 19:00 | Create | Villager (Male) |
| 19:04 | Build | Palisade Wall |
| 19:24 | Create | Villager (Male) |
| 19:27 | Create | Archer |
| 19:28 | Create | Villager (Male) |
| 19:52 | Build | Blacksmith |
| 19:53 | Create | Archer |
| 20:06 | Create | Scout Cavalry |
| 20:10 | Create | Villager (Male) |
| 20:29 | Create | Archer |
| 20:35 | Create | Villager (Male) |
| 20:48 | Build | Farm |
| 21:00 | Research | Fletching |
| 21:03 | Create | Archer |
| 21:10 | Create | Villager (Male) |
| 21:12 | Build | Farm |
| 21:15 | Create | Archer |
| 21:18 | Research | Padded Archer Armor |
| 21:18 | Research | Padded Archer Armor |
| 21:20 | Create | Archer |
| 21:35 | Build | House |
| 21:40 | Create | Villager (Male) |
| 21:47 | Build | Mining Camp |
| 21:51 | Create | Archer |
| 22:12 | Build | Farm |
| 22:15 | Create | Archer |
| 22:46 | Build | Watch Tower |
| 23:25 | Research | Castle Age |
| 23:25 | Research | Castle Age |
| 23:27 | Create | Archer |
| 23:43 | Build | Archery Range |
| 23:45 | Create | Archer |
| 23:52 | Build | Farm |
| 24:05 | Build | Watch Tower |
Build order — CO[M]BO
First 150 of 190 actions detected
| 0:02 | Create | Villager (Male) |
| 0:02 | Create | Villager (Male) |
| 0:02 | Create | Villager (Male) |
| 0:02 | Create | Villager (Male) |
| 0:03 | Create | Villager (Male) |
| 0:03 | Create | Villager (Male) |
| 0:05 | Build | House |
| 0:07 | Build | House |
| 1:29 | Create | Villager (Male) |
| 2:03 | Build | Mule Cart |
| 2:05 | Create | Villager (Male) |
| 2:19 | Create | Villager (Male) |
| 2:58 | Create | Villager (Male) |
| 2:58 | Create | Villager (Male) |
| 3:23 | Create | Villager (Male) |
| 3:24 | Create | Villager (Male) |
| 3:45 | Create | Villager (Male) |
| 4:01 | Create | Villager (Male) |
| 4:03 | Build | House |
| 4:04 | Build | House |
| 4:13 | Create | Villager (Male) |
| 5:02 | Create | Villager (Male) |
| 5:07 | Build | Barracks |
| 5:10 | Create | Villager (Male) |
| 5:20 | Create | Villager (Male) |
| 5:50 | Create | Villager (Male) |
| 6:17 | Create | Villager (Male) |
| 6:34 | Research | Loom |
| 6:42 | Build | Mule Cart |
| 7:05 | Research | Feudal Age |
| 7:09 | Build | Palisade Wall |
| 7:19 | Create | Militia |
| 7:19 | Create | Militia |
| 7:28 | Create | Militia |
| 7:39 | Build | House |
| 7:40 | Build | Palisade Wall |
| 7:51 | Create | Militia |
| 8:04 | Build | House |
| 8:19 | Build | Palisade Wall |
| 8:29 | Create | Villager (Male) |
| 8:56 | Build | Mill |
| 9:04 | Create | Militia |
| 9:22 | Age | Feudal Age |
| 9:24 | Research | Man-at-Arms (upgrade) |
| 9:53 | Create | Villager (Male) |
| 10:11 | Create | Villager (Male) |
| 10:12 | Build | Farm |
| 10:14 | Build | Farm |
| 10:28 | Create | Villager (Male) |
| 10:31 | Build | Farm |
| 10:32 | Build | Farm |
| 10:45 | Build | Farm |
| 10:54 | Create | Villager (Male) |
| 10:57 | Build | Farm |
| 11:02 | Build | House |
| 11:07 | Build | Palisade Wall |
| 11:24 | Create | Villager (Male) |
| 11:32 | Create | Villager (Male) |
| 11:57 | Create | Villager (Male) |
| 12:06 | Create | Villager (Male) |
| 12:25 | Research | Long Swordsman (upgrade) |
| 12:28 | Build | Farm |
| 12:29 | Build | Farm |
| 12:29 | Build | Farm |
| 12:34 | Build | Farm |
| 12:39 | Create | Villager (Male) |
| 13:06 | Create | Villager (Male) |
| 13:09 | Build | Palisade Wall |
| 13:18 | Build | Palisade Wall |
| 13:23 | Research | Arson |
| 13:30 | Create | Villager (Male) |
| 13:36 | Build | House |
| 13:37 | Build | House |
| 13:38 | Build | House |
| 13:45 | Research | Double-Bit Axe |
| 13:45 | Research | Double-Bit Axe |
| 13:45 | Research | Double-Bit Axe |
| 14:09 | Create | Spearman |
| 14:16 | Create | Villager (Male) |
| 14:34 | Build | Palisade Wall |
| 14:37 | Create | Villager (Male) |
| 14:39 | Build | Palisade Gate |
| 14:41 | Build | Palisade Wall |
| 14:51 | Create | Villager (Male) |
| 15:05 | Research | Horse Collar |
| 15:09 | Create | Villager (Male) |
| 15:21 | Create | Villager (Male) |
| 15:32 | Create | Villager (Male) |
| 15:33 | Build | Farm |
| 15:34 | Build | Farm |
| 15:36 | Build | Farm |
| 15:43 | Create | Villager (Male) |
| 15:45 | Build | Farm |
| 15:51 | Build | House |
| 16:10 | Create | Militia |
| 16:19 | Create | Villager (Male) |
| 16:21 | Build | Blacksmith |
| 16:49 | Create | Villager (Male) |
| 17:05 | Create | Villager (Male) |
| 17:06 | Build | Farm |
| 17:07 | Build | Farm |
| 17:08 | Build | Farm |
| 17:35 | Build | Farm |
| 17:38 | Research | Wheelbarrow |
| 17:39 | Research | Wheelbarrow |
| 17:43 | Build | House |
| 17:54 | Research | Scale Mail Armor |
| 19:07 | Create | Villager (Male) |
| 19:09 | Build | Market |
| 19:10 | Build | House |
| 19:36 | Research | Castle Age |
| 19:36 | Research | Castle Age |
| 19:38 | Build | Mule Cart |
| 19:53 | Build | Farm |
| 19:53 | Build | Farm |
| 19:59 | Create | Militia |
| 19:59 | Create | Militia |
| 20:11 | Create | Militia |
| 20:26 | Build | Barracks |
| 20:42 | Build | Farm |
| 20:47 | Build | Farm |
| 20:47 | Build | Farm |
| 20:53 | Create | Militia |
| 21:18 | Create | Militia |
| 21:21 | Build | Farm |
| 21:21 | Build | Farm |
| 21:39 | Create | Militia |
| 21:40 | Create | Militia |
| 22:11 | Create | Militia |
| 22:12 | Create | Militia |
| 22:16 | Age | Castle Age |
| 22:19 | Research | Chain Mail Armor |
| 22:20 | Research | Squires |
| 22:21 | Research | Gambesons |
| 22:22 | Research | Two-Handed Swordsman (upgrade) |
| 22:25 | Create | Villager (Male) |
| 22:30 | Build | Siege Workshop |
| 22:31 | Build | House |
| 22:37 | Build | Palisade Wall |
| 22:56 | Build | Palisade Wall |
| 22:57 | Create | Villager (Male) |
| 23:14 | Create | Villager (Male) |
| 23:30 | Create | Unit 1105 |
| 23:31 | Create | Villager (Male) |
| 23:32 | Create | Militia |
| 23:32 | Create | Militia |
| 23:36 | Build | Town Center |
| 23:37 | Create | Villager (Male) |
| 23:39 | Build | Monastery |
| 23:43 | Build | Farm |
Match timeline
| 4:59 | uel · first_building Barracks |
| 5:07 | CO[M]BO · first_building Barracks |
| 7:09 | CO[M]BO · wall_segment Palisade Wall x10 |
| 7:40 | CO[M]BO · wall_segment Palisade Wall x1 |
| 8:10 | uel · wall_segment Palisade Wall x5 |
| 8:15 | uel · wall_segment Palisade Wall x1 |
| 8:16 | uel · wall_segment Palisade Wall x8 |
| 8:19 | CO[M]BO · wall_segment Palisade Wall x1 |
| 8:43 | uel · wall_segment Palisade Wall x2 |
| 8:45 | uel · wall_segment Palisade Wall x3 |
| 9:22 | CO[M]BO · age_up feudal |
| 10:43 | uel · age_up feudal |
| 10:54 | uel · first_building Stable |
| 11:07 | CO[M]BO · wall_segment Palisade Wall x17 |
| 12:48 | uel · wall_segment Palisade Wall x1 |
| 13:09 | CO[M]BO · wall_segment Palisade Wall x10 |
| 13:18 | CO[M]BO · wall_segment Palisade Wall x6 |
| 13:27 | uel · first_building Archery Range |
| 14:34 | CO[M]BO · wall_segment Palisade Wall x1 |
| 14:41 | CO[M]BO · wall_segment Palisade Wall x4 |
| 15:24 | uel · wall_segment Palisade Wall x1 |
| 15:33 | uel · wall_segment Palisade Wall x1 |
| 17:44 | uel · wall_segment Palisade Wall x1 |
| 19:04 | uel · wall_segment Palisade Wall x9 |
| 22:16 | CO[M]BO · age_up castle |
| 22:30 | CO[M]BO · first_building Siege Workshop |
| 22:37 | CO[M]BO · wall_segment Palisade Wall x1 |
| 22:56 | CO[M]BO · wall_segment Palisade Wall x1 |
| 23:28 | CO[M]BO · first_market_sell 100 wood |
| 23:39 | CO[M]BO · first_building Monastery |
| 26:05 | uel · age_up castle |
| 26:48 | uel · resign |
[ AI ANALYSIS · 1 CREDIT ]
What really happened in this match?
Wolo.gg analyzes every decision: build order, eco, micro, common mistakes by bracket. Personalized analysis on WhatsApp or Discord in 30 seconds.
Civ guide
Italians
Perfil
Jugador #9754373